 Dungeon Crawl Stone Soup version 0.23-a0-639-ga9a3373 (console) character file.

151 Duffy the Firebug (level 5, 35/35 HPs)
             Began as a Demonspawn Fire Elementalist on Dec 29, 2018.
             Quit the game on level 3 of the Dungeon.
             The game lasted 00:02:24 (1861 turns).

Duffy the Firebug (Demonspawn Fire Elementalist)    Turns: 1861, Time: 00:02:25

Health: 35/35      AC:  6    Str:  8    XL:     5   Next: 10%
Magic:  7/18       EV: 12    Int: 18    God:
Gold:   54         SH:  0    Dex: 13    Spells: 6/10 levels left

rFire    . . .     SeeInvis .   h - +2 whip (elec)
rCold    . . .     Gourm    .   (no shield)
rNeg     . . .     Faith    .   a - +0 robe
rPois    .         Spirit   +   b - +0 helmet
rElec    .         Reflect  .   (no cloak)
rCorr    .         Harm     .   (no gloves)
MR       .....                  j - +0 pair of boots
Stlth    ++........             (no amulet)
HPRegen  2.11/turn              e - ring of magical power
MPRegen  0.16/turn              (no ring)

@: no status effects
A: icy blue scales 1, powered by death 1, magic shield
a: no special abilities


You were on level 3 of the Dungeon.
You were hungry.

You visited 1 branch of the dungeon, and saw 3 of its levels.

You collected 54 gold pieces.

Inventory:

Hand Weapons
 h - a +2 whip of electrocution (weapon)
Armour
 a - a +0 robe (worn)
 b - a +0 helmet (worn)
 j - a +0 pair of boots (worn)
Jewellery
 e - a ring of magical power (left hand)
Scrolls
 d - a scroll of immolation
 i - a scroll of enchant weapon
 l - a scroll of noise {unknown}
 m - a scroll of fear {unknown}
Potions
 g - 2 potions of flight
 k - 2 potions of curing {unknown}
 n - a potion of might {unknown}
 o - a potion of berserk rage
 p - a potion of heal wounds
Comestibles
 c - 4 rations
 f - 2 chunks of flesh


   Skills:
 - Level 1.7 Dodging
 - Level 1.7 Stealth
 + Level 3.3 Spellcasting
 + Level 2.8 Conjurations
 + Level 3.7 Fire Magic


You had 6 spell levels left.
You knew the following spells:

 Your Spells              Type           Power        Failure   Level  Hunger
h - Flame Tongue          Conj/Fire      ##...        4%          1    None
l - Conjure Flame         Conj/Fire      ##......     12%         3    ###....

Your spell library contained the following spells:

 Spells                   Type           Power        Failure   Level  Hunger
 Throw Flame              Conj/Fire      ##....       6%          2    ##.....
 Inner Flame              Hex/Fire       #.......     22%         3    ###....
 Sticky Flame             Conj/Fire      ##......     38%         4    ####...
 Fireball                 Conj/Fire      ##........   75%         5    ######.


Dungeon Overview and Level Annotations

Branches:
Dungeon (3/15)

Altars:
Dithmenos
Elyvilon

Annotations:
D:2 1 exclusion


Innate Abilities, Weirdness & Mutations

You are partially covered in icy blue scales. (AC +2)
You regenerate a little health from kills.
When hurt, damage is shared between your health and your magic reserves.


Message History

Aim: an orc, wielding a +0 short sword The flame tongue hits the orc.
The orc is almost dead.
Casting: Flame Tongue (safe; 4% risk of failure)
Confirm with . or Enter, or press ? or * to list all spells.
Aiming: Flame Tongue (safe; 4% risk of failure)
Press: ? - help, Shift-Dir - straight line, f/p - orc
Aim: an orc, wielding a +0 short sword (almost dead)
The flame tongue hits the orc.
You kill the orc!
Casting: Flame Tongue (safe; 4% risk of failure)
Confirm with . or Enter, or press ? or * to list all spells.
You can't see any susceptible monsters within range! (Use Z to cast anyway.)
Casting: Flame Tongue (safe; 4% risk of failure)
Confirm with . or Enter, or press ? or * to list all spells.
You can't see any susceptible monsters within range! (Use Z to cast anyway.)
Casting: Flame Tongue (safe; 4% risk of failure)
Confirm with . or Enter, or press ? or * to list all spells.
You can't see any susceptible monsters within range! (Use Z to cast anyway.) Are you sure you want to abandon this character and quit the game? (Confirm

...### ..# ##.#.. #.#
#..'.. #.# #..#.. #.# ..
#..### #.# # #. #..#
#.#....#. #..#
#.#..#.#.# #..#
#@#..#.#.##+#..#
#)#............#
#)#............#
#)#......?...#.#
#######.#.......#'####
.oooo..........%...>#
###.###.#.#.......#+####
#.#.#######......#
#.#.......'......#


There were no monsters in sight!

Vanquished Creatures
  An orc wizard (D:3)
  An orc priest (D:3)
  An adder (D:2)
  4 dart slugs
  2 leopard geckos
  5 orcs (D:3)
  4 bats
  2 giant cockroaches
  11 hobgoblins
  6 jackals (D:2)
  2 quokkas (D:2)
  3 frilled lizards
  8 goblins
  3 kobolds
  12 rats
65 creatures vanquished.

Notes
Turn   | Place    | Note
-------+----------+-------------------------------------------
     0 | D:1      | Duffy the Demonspawn Fire Elementalist began the quest for
                  | the Orb.
     0 | D:1      | Reached XP level 1. HP: 13/13 MP: 3/3
   379 | D:1      | Gained mutation: You are partially covered in icy blue
                  | scales. (AC +2) [demonic ancestry]
   379 | D:1      | Reached XP level 2. HP: 19/19 MP: 5/5
   756 | D:1      | Reached XP level 3. HP: 18/24 MP: 6/6
   761 | D:1      | Learned a level 3 spell: Conjure Flame
  1126 | D:2      | Found a white marble altar of Elyvilon.
  1379 | D:2      | Gained mutation: You regenerate a little health from kills.
                  | [demonic ancestry]
  1379 | D:2      | Reached XP level 4. HP: 26/30 MP: 8/8
  1608 | D:2      | Found a shadowy altar of Dithmenos.
  1858 | D:3      | Gained mutation: When hurt, damage is shared between your
                  | health and your magic reserves. [demonic ancestry]
  1858 | D:3      | Reached XP level 5. HP: 35/35 MP: 9/9
  1861 | D:3      | Quit the game

Vault maps used:
D:1:      lightli_arrival_statuegarden, minmay_tetromino_t4
D:2:      overflow_temple_1_default, first_ration, elyvilon_altar_4
D:3:      nicolae_overflow_crystal_walls, nemelex_lonely_heart_becter,
          uniq_jessica

Skill      XL: |  1  2  3  4 |
---------------+-------------+-----
Fire Magic     | 3 |  3.7
Conjurations   | 2 |  2.8
Spellcasting   | 3 |  3.3
Dodging        | |  1.7
Stealth        | |  1.7

Action                   |  1- 3 |  4- 6 || total
-------------------------+-------+-------++-------
Melee: Unarmed           |     1 |       ||     1
       Whip              |    39 |    26 ||    65
 Cast: Flame Tongue      |    49 |    17 ||    66
  Use: Scroll            |       |     7 ||     7
 Stab: Distracted        |     1 |       ||     1
       Sleeping          |       |     1 ||     1
  Eat: Chunk             |     2 |     1 ||     3
Armor: Robe              |    22 |    17 ||    39
Dodge: Dodged            |    37 |    20 ||    57

Table legend:
 A = Non-vault XP
 B = Vault XP
 C = Vault XP percentage of total XP
 D = Non-vault monster count
 E = Vault monster count
 F = Vault count percentage of total count
                 A         B        C        D         E       F
            +---------+---------+-------+---------+---------+-------
      Total |     207 |       9 |   4.2 |      60 |       5 |   7.7
            +---------+---------+-------+---------+---------+-------
        D:1 |      48 |       7 |  12.7 |      28 |       4 |  12.5
        D:2 |      53 |       2 |   3.6 |      20 |       1 |   4.8
        D:3 |     106 |       0 |   0.0 |      12 |       0 |   0.0
            +---------+---------+-------+---------+---------+-------
